 Dungeon Crawl Stone Soup version 0.29.1-4-g47bece8355 (webtiles) character file.

Game seed: 8876842759898599904

4261 cheesebisquit the Severer (level 10, -2/79 (80) HPs)
             Began as a Minotaur Berserker on Dec 9, 2022.
             Was a High Priest of Trog.
             Slain by a death knight
             ... wielding a +0 battleaxe
              (21 damage)
             ... on level 8 of the Dungeon.
             The game lasted 00:25:37 (5775 turns).

cheesebisquit the Severer (Minotaur Berserker)      Turns: 5775, Time: 00:25:38

HP:   -2/79 (80)    AC: 17    Str: 32    XL:     10   Next: 10%
MP:   19/19         EV:  7    Int: 14    God:    Trog [*****.]
Gold: 475           SH:  7    Dex: 10    Spells: 9/9 levels left

rFire   . . .      SeeInvis .   B - +0 war axe
rCold   + . .      Faith    +   N - +0 kite shield {reflect}
rNeg    . . .      Spirit   .   s - +0 chain mail
rPois   .          Reflect  +   v - +3 hat of Pondering {ponderous, Will+ MP+10 Int+5}
rElec   .          Harm     .   M - scarf {repulsion}
rCorr   .          Rampage  .   (no gloves)
Will    ++...                   c - +0 pair of boots
Stlth   ..........              l - amulet of faith
HPRegen 1.23/turn               r - +4 ring of protection
MPRegen 0.16/turn               k - ring of Joguoxt {rC+ Will- Str+6 Int+5}

@: about to teleport, strong-willed, on berserk cooldown, regenerating, hasted
and slowed, lightly drained, repel missiles, slow
A: horns 2, retaliatory headbutt
a: Renounce Religion, Berserk, Trog's Hand, Brothers in Arms


You were on level 8 of the Dungeon.
You worshipped Trog.
Trog was extremely pleased with you.
You visited 1 branch of the dungeon, and saw 8 of its levels.

You collected 475 gold pieces.

Inventory:

Hand Weapons
 a - a +0 hand axe
 B - a +0 war axe (weapon)
 F - a +2 hand axe of draining
Missiles
 j - 20 poisoned darts (quivered)
 J - 5 atropa-tipped darts
 O - a throwing net
Armour
 b - a +0 animal skin
 c - a +0 pair of boots (worn)
 d - a +0 leather armour
 q - a +0 ring mail
 s - a +0 chain mail (worn)
 v - the +3 hat of Pondering (worn) {ponderous, Will+ MP+10 Int+5}
   (You found it on level 3 of the Dungeon)

   Int:       It affects your intelligence (+5).
   MP:        It affects your magic capacity (+10).
   Will:      It increases your willpower.
 C - a +0 scale mail
 M - a scarf of repulsion (worn)
 N - a +0 kite shield of reflection (worn)
Jewellery
 k - the ring of Joguoxt (right hand) {rC+ Will- Str+6 Int+5}
   (You found it on level 4 of the Dungeon)

   [ring of strength]

   Str:       It affects your strength (+6).
   Int:       It affects your intelligence (+5).
   rC:        It protects you from cold.
   Will:      It decreases your willpower.
 l - an amulet of faith (around neck)
 r - a +4 ring of protection (left hand)
 A - a ring of see invisible
Wands
 I - a wand of flame (20)
Scrolls
 f - 3 scrolls of poison {unknown}
 i - 2 scrolls of fear {unknown}
 m - 2 scrolls of teleportation
 n - a scroll of noise {unknown}
 o - a scroll of brand weapon {unknown}
 t - a scroll of enchant armour {unknown}
 w - a scroll of amnesia {unknown}
 x - a scroll of silence {unknown}
 y - 5 scrolls of identify {unknown}
 D - a scroll of enchant weapon {unknown}
 G - a scroll of butterflies {unknown}
 K - a scroll of vulnerability {unknown}
 L - a scroll of torment {unknown}
Potions
 e - a potion of berserk rage {unknown}
 g - a potion of cancellation {unknown}
 h - 4 potions of haste
 p - 2 potions of ambrosia {unknown}
 u - 3 potions of flight {unknown}
 z - a potion of mutation {unknown}
 E - a potion of heal wounds {unknown}
 H - a potion of lignification {unknown}


   Skills:
 + Level 4.4 Fighting
 + Level 17.0 Axes
 - Level 2.7 Armour
 - Level 2.4 Dodging
 + Level 1.8 Shields


You had 9 spell levels left.
You didn't know any spells.
Your spell library was empty.

Dungeon Overview and Level Annotations

Branches:
Dungeon (8/15)             Temple (0/1) D:6
   Lair: D:8-11

Altars:
Nemelex Xobeh

Shops:
D:6 *


Innate Abilities, Weirdness & Mutations

You have a pair of horns on your head.
You reflexively headbutt those who attack you in melee.


Message History

You are engulfed in a cloud of scalding steam.
Your Axes skill increases to level 17!
A jelly comes into view.
You are engulfed in a cloud of scalding steam.
The jelly quivers.
A death knight comes into view. It is wielding a +0 battleaxe.
Things that are here:
a +0 spear; a +0 robe The death knight shouts!
Your skin crawls.
You feel strong-willed.
The death knight offers itself to Yredelemnul, and fills with unholy energy.
You closely miss the death knight. You block the death knight's attack.
You hit the death knight.
The death knight is lightly wounded.
The death knight reflects your damage back at you!
The death knight mumbles some strange prayers to Yredelemnul against you.
You resist with almost no effort.
A boulder beetle comes into view.
You barely miss the death knight.
You headbutt the death knight, but do no damage.
The death knight is lightly wounded.
The death knight barely misses you.
The boulder beetle curls into a ball and begins rolling!
The death knight hits you with a +0 battleaxe.
You slash the death knight! Your headbutt misses the death knight.
The death knight is moderately wounded.
The death knight reflects your damage back at you!
The death knight barely misses you. You furiously retaliate!
You headbutt the death knight.
The death knight reflects your damage back at you!
It was a potion of haste.
You feel yourself speed up.
The death knight's dark mirror aura disappears.
The death knight hits you with a +0 battleaxe!
* * * LOW HITPOINT WARNING * * *
The death knight closely misses you.
As you read the scroll of teleportation, it crumbles to dust.
You feel strangely unstable.
The death knight hits you with a +0 battleaxe!!
You die...

#.# ##
#.# #.
#.#
oF#..
.#.###
°...
####D#
#.@pJ#
#..#)#
####.#
#.#
...
##.##
#..
###


You could see a death knight, a steam dragon and a jelly.

Vanquished Creatures
  Pikel (D:7)
  Prince Ribbit (D:5)
  A wyvern (D:7)
  2 yaks
  Menkaure (D:6)
  Edmund (D:5)
  A water moccasin (D:7)
  Duvessa (D:7)
  3 sky beasts
  4 ogres
  2 ice beasts
  A black bear (D:6)
  2 centaurs
  3 lemures (D:7)
  4 bullfrogs
  A kobold brigand (D:6)
  3 scorpions
  A necrophage (D:7)
  A gnoll sergeant (D:7)
  A wight (D:8)
  Dowan (D:7)
  6 killer bees (D:7)
  A jelly (D:7)
  4 hounds
  7 iguanas
  3 orc wizards
  12 adders
  5 gnolls (D:7)
  An ufetubus (D:4)
  2 worms
  2 dart slugs
  17 orcs
  11 endoplasms
  4 giant cockroaches
  4 goblins
  7 hobgoblins
  7 jackals
  14 kobolds
  A quokka (D:5)
  8 ball pythons
  4 bats
  5 frilled lizards
  A rat (D:3)
162 creatures vanquished.

Notes
Turn   | Place    | Note
-------+----------+-------------------------------------------
     0 | D:1      | cheesebisquit the Minotaur Berserker began the quest for
                  | the Orb.
     0 | D:1      | Reached XP level 1. HP: 19/19 MP: 0/0
   249 | D:1      | Reached XP level 2. HP: 27/27 MP: 1/1
   386 | D:1      | Reached skill level 4 in Axes
   890 | D:2      | Found a faded altar of an unknown god.
   914 | D:2      | Reached XP level 3. HP: 28/33 MP: 2/2
  1021 | D:2      | Reached ** piety under Trog
  1022 | D:2      | Reached skill level 5 in Axes
  1334 | D:2      | Reached XP level 4. HP: 37/40 MP: 3/3
  1510 | D:3      | Reached skill level 6 in Axes
  1946 | D:3      | Reached XP level 5. HP: 46/46 MP: 4/4
  2028 | D:3      | Found the +3 hat of Pondering {ponderous, Will+ MP+10
                  | Int+5}
  2210 | D:3      | Reached *** piety under Trog
  2480 | D:4      | Found a large runed translucent door.
  2480 | D:4      | Found a large runed translucent door.
  2492 | D:4      | Reached skill level 7 in Axes
  2616 | D:4      | Reached skill level 8 in Axes
  2616 | D:4      | Reached XP level 6. HP: 46/52 MP: 5/5
  2654 | D:4      | Identified the +6 shortbow "Pakeokk" {venom, Int+3 Dex-4
                  | Stlth+}
  2670 | D:4      | Noticed a yak
  3114 | D:4      | Found a large runed translucent door.
  3115 | D:4      | Found a large runed translucent door.
  3153 | D:4      | Noticed an ice beast
  3160 | D:4      | Killed an ice beast
  3176 | D:4      | Identified the ring of Joguoxt {rC+ Will- Str+6 Int+5}
  3342 | D:4      | Reached skill level 9 in Axes
  3355 | D:4      | Killed a yak
  3356 | D:4      | Reached XP level 7. HP: 43/58 MP: 6/6
  3369 | D:4      | Identified the +6 short sword "Xethriell" {drain, rElec}
  3398 | D:5      | Entered Level 5 of the Dungeon
  3401 | D:5      | Noticed Edmund
  3404 | D:5      | Reached skill level 10 in Axes
  3404 | D:5      | Reached **** piety under Trog
  3419 | D:5      | Killed Edmund
  3661 | D:5      | Noticed Prince Ribbit
  3670 | D:5      | Killed Prince Ribbit
  3671 | D:5      | Reached skill level 11 in Axes
  3671 | D:5      | Reached XP level 8. HP: 66/66 MP: 7/7
  3806 | D:5      | Reached skill level 12 in Axes
  3920 | D:5      | Found a sparkling altar of Nemelex Xobeh.
  4119 | D:6      | Reached skill level 13 in Axes
  4352 | D:6      | Found a staircase to the Ecumenical Temple.
  4397 | D:6      | Noticed Menkaure
  4403 | D:6      | Killed Menkaure
  4589 | D:6      | Found Retsyed's General Store.
  4662 | D:6      | Reached skill level 14 in Axes
  4662 | D:6      | Reached XP level 9. HP: 60/71 MP: 8/8
  4902 | D:7      | Reached skill level 15 in Axes
  5006 | D:7      | Reached ***** piety under Trog
  5134 | D:7      | Noticed Duvessa
  5134 | D:7      | Noticed Dowan
  5140 | D:7      | Killed Duvessa
  5141 | D:7      | Reached skill level 16 in Axes
  5142 | D:7      | Killed Dowan
  5326 | D:7      | Noticed Pikel
  5337 | D:7      | Killed Pikel
  5753 | D:8      | Reached XP level 10. HP: 78/78 MP: 9/9
  5758 | D:8      | Reached skill level 1 in Shields
  5767 | D:8      | Reached skill level 17 in Axes
  5768 | D:8      | Noticed a death knight
  5771 | D:8      | Noticed a boulder beetle
  5775 | D:8      | Slain by a death knight

Illustrated notes

Levels and vault maps discovered:
D:1:      nzn_arrival_settlement, layout_loops_cross
D:2:      layout_loops_ring, basic_ecumenical_altar, kennysheep_generic_room_9
D:3:      layout_rooms, minmay_stone_trees_medium
D:4:      minmay_skewed_foursquare, layout_loops_ring,
          minmay_hollow_rounded_squares
D:5:      layout_gridville, nemelex_dance_club_becter, uniq_edmund,
          uniq_prince_ribbit1
D:6:      layout_rooms, temple_fountains, serial_shops,
          nicolae_shop_statue_plus, nicolae_titane, uniq_menkaure
D:7:      layout_basic, uniq_pikel, uniq_duvessa
D:8:      minmay_the_grid_plus [minmay_the_grid_spikes, minmay_the_grid_rooms,
          minmay_the_grid_square_x, minmay_the_grid_x,
          minmay_the_grid_prize_four_corners], layout_loops_ring, uniq_erica

Skill      XL: |  1  2  3  4  5  6  7  8  9 10 |
---------------+-------------------------------+-----
Axes           | 4 5 6 8 9 11 14 16 17 | 17.0
Fighting       | 4 |  4.4
Shields        | 1 |  1.8
Armour         | |  2.7
Dodging        | |  2.4

Action                   |  1- 3 |  4- 6 |  7- 9 | 10-12 || total
-------------------------+-------+-------+-------+-------++-------
Melee: Hand axe          |    58 |   140 |    29 |       ||   227
       Headbutt          |     8 |    20 |    25 |     4 ||    57
       Punch             |       |     2 |     3 |       ||     5
       War axe           |       |       |   169 |    14 ||   183
Throw: Dart              |       |     2 |     1 |       ||     3
Invok: Trog's Hand       |       |     2 |       |     1 ||     3
       Berserk           |       |     1 |     7 |       ||     8
  Use: Scroll            |       |       |     1 |     1 ||     2
       Potion            |       |       |       |     1 ||     1
Armor: Animal skin       |     2 |       |       |       ||     2
       Leather armour    |     7 |       |       |       ||     7
       Ring mail         |    12 |    15 |       |       ||    27
       Chain mail        |       |    58 |    86 |     4 ||   148
Dodge: Dodged            |    41 |    43 |    83 |     5 ||   172
Block: Kite shield       |       |       |     5 |     2 ||     7
